 Dungeon Crawl Stone Soup version 0.25.1-2-g60ff931df9 (webtiles) character file.

Game seed: 14406982610802607971

153003 Peloso the Peltast (level 17, 0/159 HPs)
             Began as a Minotaur Fighter on Aug 15, 2020.
             Was the Champion of Okawaru.
             Slain by a large abomination (15 damage)
             ... on level 3 of the Abyss.
             The game lasted 01:33:37 (35607 turns).

Peloso the Peltast (Minotaur Fighter)              Turns: 35607, Time: 01:33:38

Health: 0/159      AC: 30    Str: 24    XL:     17   Next: 3%
Magic:  16/16      EV: 13    Int: -1 (1) God:    Okawaru [******]
Gold:   1904       SH: 16    Dex: 16    Spells: 16/16 levels left

rFire    . . .     SeeInvis .   a - +6 double sword (vamp)
rCold    + . .     Gourm    .   c - +0 kite shield
rNeg     + . .     Faith    +   K - +12 chain mail "Yryt Zadof" {rN+}
rPois    +         Spirit   .   Y - +2 hat
rElec    +         Reflect  .   g - +0 cloak {rCorr}
rCorr    +         Harm     .   (no gloves)
MR       +....                  h - +0 pair of boots
Stlth    ..........             R - amulet of faith
HPRegen  0.36/turn              u - ring of Suicidal Tendencies {+Inv rElec rC+ Int-4 Dex+4}
MPRegen  0.15/turn              o - ring of poison resistance

@: slowed, lost intelligence, lightly drained, very slow
A: retaliatory headbutt, horns 2, deterioration 1, low mp 1, weak 1, MP-powered
wands
a: Heroism, Finesse, Renounce Religion, Evoke Invisibility


You were on level 3 of the Abyss.
You worshipped Okawaru.
Okawaru was exalted by your worship.
You were not hungry.

You visited 5 branches of the dungeon, and saw 28 of its levels.
You visited the Abyss 2 times.
You also visited: Gauntlet.

You collected 3945 gold pieces.
You spent 2041 gold pieces at shops.

Inventory:

Hand Weapons
 a - a +6 vampiric double sword (weapon)
 b - a +4 scimitar of flaming
 y - a +4 demon blade of electrocution
 N - a +0 hand crossbow
Missiles
 w - 180 bolts
Armour
 c - a +0 kite shield (worn)
 g - a +0 cloak of preservation (worn)
 h - a +0 pair of boots (worn)
 s - a scarf of resistance
 t - a +1 plate armour of magic resistance
 D - a +0 crystal plate armour
 K - the +12 chain mail "Yryt Zadof" (worn) {rN+}
   (Okawaru gifted it to you on level 9 of the Dungeon)

   It protects you from negative energy.
 U - a +2 pair of gloves of strength
 Y - a +2 hat (worn)
Jewellery
 o - a ring of poison resistance (right hand)
 r - the ring "Osojyadi" {rN+ MR+ EV-4 Stlth+}
   (You found it in a Gauntlet)

   [ring of evasion]

   It affects your evasion (-4).
   It protects you from negative energy.
   It affects your resistance to hostile enchantments.
   It makes you more stealthy.
 u - the ring of Suicidal Tendencies (left hand) {+Inv rElec rC+ Int-4 Dex+4}
   (You found it on level 6 of the Lair of Beasts)

   [ring of intelligence]

   It affects your intelligence (-4).
   It affects your dexterity (+4).
   It protects you from cold.
   It insulates you from electricity.
   It lets you turn invisible.
 v - an uncursed ring of flight
 I - an uncursed ring of protection from cold {unknown}
 P - an uncursed ring of protection from fire
 R - an amulet of faith (around neck)
Wands
 l - a wand of flame (71)
 q - a wand of digging (6)
 Q - a wand of clouds (8)
Scrolls
 i - 20 scrolls of identify
 j - 12 scrolls of remove curse
 k - 9 scrolls of teleportation
 n - 8 scrolls of magic mapping
 p - 3 scrolls of noise
 x - 2 scrolls of immolation
 A - 2 scrolls of enchant weapon
 B - 2 scrolls of fog
 C - a scroll of enchant armour
 E - 4 scrolls of blinking
 J - a scroll of brand weapon {unknown}
 S - 2 scrolls of acquirement
 V - 2 scrolls of fear
Potions
 d - 6 potions of might
 e - 2 potions of heal wounds
 m - 8 potions of flight
 z - a potion of berserk rage
 F - a potion of haste
 G - a potion of ambrosia
 H - 2 potions of brilliance
 L - 3 potions of resistance
 M - 5 potions of curing
 O - 3 potions of stabbing
Comestibles
 f - 35 rations


   Skills:
 + Level 16.3(15.8) Fighting
 + Level 18.0(17.5) Long Blades
   Level 4.3(3.9) Maces & Flails
 + Level 15.6(15.0) Armour
 + Level 8.0(7.5) Dodging
 + Level 3.3(2.9) Stealth
 + Level 18.7(18.2) Shields
 + Level 2.9(2.5) Invocations
 + Level 0.9(0.5) Evocations


You had 16 spell levels left.
You didn't know any spells.
Your spell library contained the following spells:

 Spells                   Type           Power        Failure   Level  Hunger
 Apportation              Tloc           #.....       97%         1    ##.....
 Foxfire                  Conj/Fire      #...         97%         1    ##.....
 Infusion                 Chrm           #...         97%         1    ##.....
 Sting                    Tmut/Pois      #...         97%         1    ##.....
 Summon Butterflies       Summ           #.......     97%         1    ##.....
 Corpse Rot               Necr/Air       N/A          99%         2    ###....
 Ensorcelled Hibernation  Hex/Ice        #.....       99%         2    ###....
 Conjure Flame            Conj/Fire      #.......     100%        3    ####...
 Gell's Gravitas          Tloc           #.........   100%        3    ####...
 Ignite Poison            Fire/Tmut/Pois #.......     100%        3    ####...
 Inner Flame              Hex/Fire       #.......     100%        3    ####...
 Lesser Beckoning         Tloc           #.........   100%        3    ####...
 Portal Projectile        Hex/Tloc       #.....       100%        3    ####...
 Stone Arrow              Conj/Erth      #.....       100%        3    ####...
 Tukima's Dance           Hex            #.......     100%        3    ####...
 Cause Fear               Hex            #.........   100%        4    #####..
 Sticky Flame             Conj/Fire      #.......     100%        4    #####..
 Alistair's Intoxication  Tmut/Pois      #.......     100%        5    ######.
 Borgnjor's Vile Clutch   Necr/Erth      #.........   100%        5    ######.
 Fireball                 Conj/Fire      #.........   100%        5    ######.
 Silence                  Hex/Air        #.........   100%        5    ######.
 Summon Forest            Summ/Tloc      #.........   100%        5    ######.
 Yara's Violent Unravell  Hex/Tmut       #.........   100%        5    ######.
 Darkness                 Hex            #.........   100%        6    #######
 Dispersal                Tloc           #.........   100%        6    #######
 Eringya's Noxious Bog    Tmut/Pois      #.........   100%        6    #######
 Hydra Form               Tmut           #.........   100%        6    #######
 Invisibility             Hex            #.......     100%        6    #######
 Shadow Creatures         Summ           N/A          100%        6    #######
 Starburst                Conj/Fire      #.........   100%        6    #######
 Ring of Flames           Chrm/Fire      #.........   100%        7    #######
 Summon Hydra             Summ           #.........   100%        7    #######
 Controlled Blink         Tloc           N/A          100%        8    #######
 Discord                  Hex            #.........   100%        8    #######
 Disjunction              Tloc           #.........   100%        8    #######
 Ignition                 Fire           #.........   100%        8    #######


Dungeon Overview and Level Annotations

Branches:
Dungeon (15/15)            Temple (0/1) D:6            Lair (6/6) D:11
  Swamp (2/4) Lair:4        Snake (0/4) Lair:3        Slime (0/5) Lair:5
    Orc (2/2) D:10            Elf (3/3) Orc:2        Vaults (0/5) D:14
 Depths (0/5) D:15        Gauntlet (visited)

Altars:
Ashenzari
Cheibriados
Dithmenos
Elyvilon
Fedhas
Gozag
Hepliaklqana
Makhleb
Okawaru
Ru
Sif Muna
Uskayaw
Xom
Yredelemnul
Beogh
Jiyva

Shops:
D:8 *   D:9 *[:[   Orc:1 ?   Orc:2 }:?!   Elf:1 ?

Portals:
Abyss: Lair:6

Annotations:
Lair:5 casa
Swamp:1 3 runed translucent doors, Deqots's ghost, adept FoGl
Swamp:2 Louise


Innate Abilities, Weirdness & Mutations

You reflexively headbutt those who attack you in melee.
You have a pair of horns on your head.
Your body sometimes deteriorates upon taking damage.
Your magical capacity is low. (-10% MP)
You are weak. (Str -2)
You expend magic power (3 MP) to strengthen your wands.


Message History

You block the large abomination's attack.
The large abomination hits you!
* * * LOW HITPOINT WARNING * * *
2 spatial vortices come into view.
Unknown command.
You hit the spatial maelstrom.
The spatial maelstrom is severely damaged.
You block the spatial maelstrom's attack.
The spatial maelstrom hits you but does no damage.
You block the large abomination's attack.
A large abomination comes into view.
Unknown command.
A small abomination comes into view.
You block the spatial vortex's attack. The spatial maelstrom hits you.
* * * LOW HITPOINT WARNING * * *
Space warps horribly around you!
* * * LOW HITPOINT WARNING * * *
You block the spatial maelstrom's attack.
The large abomination hits you!
You die...

#..##.# #
#. .#..#
...#.#.# #
# . .#
#.###.. .
.
##).#.v..
#..#.....#
#.##.#..#
. ##..##
..x ##@X#
..#.


#xXvv#. .# #...#.##.#. . .....##v.#.### ....# #.# # .##. .#$ .. . . ## . # You
could see a spatial maelstrom, 3 spatial vortices, 2 large abominations and a
small abomination.

Vanquished Creatures
  A lich (Abyss:3)
  Rupert (Orc:2)
  Frances (D:12)
  Gastronok (Lair:2)
  2 thorn hunters
  A frost giant (D:15)
  An orc warlord (D:10)
  2 very ugly things (Abyss:3)
  The ghost of Curus the Fighter, a journeyman DsBe of Trog (Lair:6)
  A deep elf annihilator (Elf:1)
  A minotaur (Gauntlet)
  The ghost of Bukhlaj the Cleaver, a journeyman HOFi of Beogh (Lair:1)
  Snorg (D:10)
  A deep elf death mage (Elf:1)
  A green death (Elf:1)
  Josephine (D:15)
  Erolcha (D:10)
  The ghost of Jiolyugh the Geomancer, a journeyman GrEE of Qazlal (D:14)
  9 hydras
  3 centaur warriors (D:15)
  A rakshasa (Abyss:3)
  Erica (Orc:1)
  3 shambling mangroves (Swamp:2)
  7 two-headed ogres
  8 dancing weapons
  5 alligators (Swamp:2)
  Urug (D:10)
  2 tengu warriors (D:14)
  2 ogre magi
  2 death yaks (Lair:5)
  A thrashing horror (Abyss:3)
  Sonja (Lair:1)
  A wretched star (Abyss:3)
  5 deep elf knights (Elf:1)
  A fire crab (Lair:6)
  An unseen horror (D:14)
  7 large abominations (Abyss:3)
  A death drake (Gauntlet)
  A spriggan druid (Swamp:2)
  10 orc knights
  A shadow demon (Abyss:3)
  A spectral wolf spider (Gauntlet)
  2 glowing orange brains
  Pikel (D:8)
  2 deep elf archers (Elf:1)
  A wolf spider zombie (D:15)
  23 deep elf magi
  4 cyclopes
  A spectral centaur (Gauntlet)
  9 ugly things
  A worldbinder (Abyss:3)
  A manticore (D:15)
  Joseph (D:8)
  5 elephants (Lair:6)
  2 smoke demons (Abyss:3)
  An apocalypse crab (Abyss:3)
  23 spiny frogs
  3 gargoyles
  5 black mambas
  Psyche (D:11)
  A freezing wraith (D:14)
  A yaktaur (D:15)
  11 komodo dragons
  7 centaur skeletons
  A tengu conjurer (D:14)
  A polar bear (Lair:4)
  A jumping spider (shapeshifter) (Abyss:3)
  3 trolls
  Prince Ribbit (D:5)
  5 hornets
  13 tyrant leeches
  A wolf spider simulacrum (Abyss:3)
  12 raiju
  A bog body (Swamp:2)
  21 blink frogs
  8 hippogriffs
  14 slime creatures
  4 small abominations (Abyss:3)
  A vampire (D:12)
  4 spriggans
  2 shadows
  A centaur simulacrum (D:15)
  Sigmund (D:6)
  2 fire bats (Abyss:3)
  A ynoxinul (Abyss:3)
  A fire elemental (Elf:2)
  11 wraiths
  6 wyverns
  A human (D:8)
  3 hogs (D:8)
  5 basilisks
  39 yaks
  A golden eye (Abyss:3)
  3 neqoxecs (Abyss:3)
  23 vampire mosquitoes
  3 steam dragons
  6 swamp worms
  7 wargs
  3 soldier ants
  Edmund (D:6)
  4 porcupines
  16 water moccasins
  A soldier ant (shapeshifter) (D:14)
  5 swamp drakes
  54 orc warriors
  3 ice beasts
  A black bear (D:9)
  5 sky beasts
  4 phantoms
  2 necrophages (D:7)
  12 ogres
  2 eyes of draining
  14 centaurs
  5 crocodiles
  2 big kobolds
  31 bullfrogs
  A wyvern skeleton (D:10)
  2 scorpions (D:10)
  14 killer bees
  A wight (D:7)
  3 electric eels (Lair:6)
  8 howler monkeys
  2 vampire bats (Lair:5)
  7 crimson imps
  14 starcursed masses
  2 quasits
  23 orc priests
  4 centaur zombies
  5 hounds
  5 human zombies (D:7)
  8 jellies
  26 orc wizards
  4 bullfrog skeletons
  2 iron imps (Abyss:3)
  2 iguanas
  9 hell rats
  A lightning spire (Gauntlet)
  10 worker ants
  A killer bee zombie (D:7)
  A hound zombie (D:7)
  A mummy (D:7)
  2 hound skeletons
  2 worker ant zombies
  11 adders
  3 shadow imps
  An ooze (D:3)
  3 adder skeletons
  3 worms (D:2)
  A dart slug (D:1)
  6 leopard geckos
  126 orcs
  4 giant cockroaches
  9 goblins
  9 hobgoblins
  7 jackals
  5 quokkas
  3 ball pythons
  13 bats
  9 frilled lizards
  15 kobolds
  A leopard gecko skeleton (D:7)
  An orc zombie (D:7)
  2 quokka skeletons
  A quokka zombie (D:5)
  4 rats
  3 fungi (Lair:5)
  6 plants (Lair:5)
979 creatures vanquished.

Vanquished Creatures (others)
  A hornet (Swamp:2)
  A raiju (Abyss:3)
  A small abomination (Abyss:3)
  An orc wizard (D:6)
  7 fungi (Lair:6)
  26 plants (Lair:6)
  A starspawn tentacle (Abyss:3)
  A withered plant (Gauntlet)
39 creatures vanquished.

Grand Total: 1018 creatures vanquished

Notes
Turn   | Place    | Note
-------+----------+-------------------------------------------
     0 | D:1      | Peloso the Minotaur Fighter began the quest for the Orb.
     0 | D:1      | Reached XP level 1. HP: 19/19 MP: 0/0
   288 | D:1      | Reached XP level 2. HP: 27/27 MP: 1/1
  1060 | D:2      | Reached XP level 3. HP: 33/33 MP: 2/2
  1298 | D:2      | Reached XP level 4. HP: 38/40 MP: 3/3
  1453 | D:2      | Reached skill level 1 in Dodging
  1587 | D:2      | Found an iron altar of Okawaru.
  1656 | D:2      | Became a worshipper of Warmaster Okawaru
  1764 | D:2      | Found an opulent altar of Gozag.
  1976 | D:3      | Found a blossoming altar of Fedhas.
  1976 | D:3      | Found a white marble altar of Elyvilon.
  2390 | D:3      | Reached XP level 5. HP: 46/46 MP: 4/4
  2521 | D:4      | Found a shimmering blue altar of Sif Muna.
  2738 | D:4      | Reached skill level 5 in Long Blades
  2835 | D:4      | Reached skill level 5 in Shields
  2929 | D:4      | Noticed a phantom
  2959 | D:4      | Killed a phantom
  2959 | D:4      | Reached * piety under Okawaru
  2959 | D:4      | Reached XP level 6. HP: 41/52 MP: 5/5
  3065 | D:4      | Reached skill level 5 in Armour
  3115 | D:4      | Found a hide-covered altar of Uskayaw.
  3293 | D:5      | Entered Level 5 of the Dungeon
  3520 | D:5      | Reached XP level 7. HP: 56/60 MP: 6/6
  3602 | D:5      | Reached ** piety under Okawaru
  3648 | D:5      | Noticed Prince Ribbit
  3676 | D:5      | Killed Prince Ribbit
  3676 | D:5      | Reached skill level 1 in Stealth
  3760 | D:5      | Found a hazy altar of Hepliaklqana.
  3876 | D:5      | Found a sacrificial altar of Ru.
  3879 | D:5      | Found a basalt altar of Yredelemnul.
  4049 | D:6      | Reached XP level 8. HP: 67/67 MP: 7/7
  4106 | D:6      | Noticed Edmund
  4121 | D:6      | Killed Edmund
  4154 | D:6      | Noticed Sigmund
  4169 | D:6      | Killed Sigmund
  4169 | D:6      | Reached *** piety under Okawaru
  4171 | D:6      | Reached skill level 5 in Fighting
  4688 | D:6      | Found a staircase to the Ecumenical Temple.
  5265 | D:7      | Reached XP level 9. HP: 71/74 MP: 8/8
  5392 | D:7      | Found a snail-covered altar of Cheibriados.
  5490 | D:7      | Reached **** piety under Okawaru
  5739 | D:7      | Reached skill level 10 in Long Blades
  5807 | D:7      | Found a basalt altar of Yredelemnul.
  6137 | D:8      | Found Jeuxiomm's Demolitions Depot.
  6471 | D:8      | Reached ***** piety under Okawaru
  6476 | D:8      | Reached XP level 10. HP: 63/84 MP: 9/9
  6583 | D:8      | Noticed Joseph
  6597 | D:8      | Killed Joseph
  6737 | D:8      | Found a shadowy altar of Dithmenos.
  6886 | D:8      | Noticed Pikel
  6903 | D:8      | Killed Pikel
  7404 | D:9      | Found Zuxkargh's Antique Armour Shop.
  7404 | D:9      | Found Lolosib's Book Shoppe.
  7499 | D:9      | Received a gift from Okawaru
  7504 | D:9      | Got a shimmering chain mail {god gift}
  7518 | D:9      | Identified the +12 chain mail "Yryt Zadof" {rN+} (Okawaru
                  | gifted it to you on level 9 of the Dungeon)
  7522 | D:9      | Found a shimmering altar of Xom.
  7524 | D:9      | Found a shimmering altar of Xom.
  7525 | D:9      | Found a shimmering altar of Xom.
  7525 | D:9      | Found a shimmering altar of Xom.
  7526 | D:9      | Found a shimmering altar of Xom.
  7644 | D:9      | Found Iffabot's General Store.
  7714 | D:9      | Bought a scroll of identify for 26 gold pieces
  7714 | D:9      | Bought a potion of curing for 39 gold pieces
  7725 | D:9      | Found a shattered altar of Ashenzari.
  7897 | D:9      | Found Fastram's Armour Shoppe.
  7938 | D:9      | Reached skill level 10 in Shields
  7982 | D:9      | Found a burning altar of Makhleb.
  7982 | D:9      | Noticed a cacodemon
  8158 | D:9      | Noticed a deep troll
  8162 | D:10     | Entered Level 10 of the Dungeon
  8312 | D:10     | Noticed an orc knight
  8333 | D:10     | Killed an orc knight
  8333 | D:10     | Reached XP level 11. HP: 91/94 MP: 6/10
  8406 | D:10     | Noticed Erolcha
  8408 | D:10     | Noticed an ogre mage
  8424 | D:10     | Killed Erolcha
  8451 | D:10     | Noticed Snorg
  8558 | D:10     | Noticed a deep elf mage
  8570 | D:10     | Killed a deep elf mage
  8589 | D:10     | Reached skill level 1 in Invocations
  8593 | D:10     | Noticed Urug
  8618 | D:10     | Killed Urug
  8700 | D:10     | Killed an ogre mage
  8812 | D:10     | Killed Snorg
  9009 | D:10     | Reached ****** piety under Okawaru
  9130 | D:10     | Received a gift from Okawaru
  9307 | D:10     | Found a roughly hewn altar of Beogh.
  9307 | D:10     | Found a staircase to the Orcish Mines.
  9309 | D:10     | Noticed an orc knight
  9322 | D:10     | Killed an orc knight
  9589 | D:11     | Noticed a two-headed ogre
  9596 | D:11     | Reached skill level 10 in Armour
  9618 | D:11     | Killed a two-headed ogre
  9618 | D:11     | Reached XP level 12. HP: 97/105 MP: 12/12
  9672 | D:11     | Found a staircase to the Lair.
  9790 | D:11     | You fall into a shaft and drop 3 floors!
  9811 | D:14     | Noticed a tengu warrior
  9841 | D:14     | Killed a tengu warrior
  9841 | D:14     | Received a gift from Okawaru
  9925 | D:14     | Reached skill level 10 in Fighting
 10118 | D:13     | Got a jewelled flail
 10119 | D:13     | Identified the +10 flail of Muc Ehur {flame, rC+} (You
                  | found it on level 13 of the Dungeon)
 10141 | D:12     | Reached skill level 1 in Maces & Flails
 10194 | D:12     | Noticed a two-headed ogre
 10204 | D:12     | Killed a two-headed ogre
 10405 | D:12     | Noticed Frances
 10420 | D:12     | Killed Frances
 10420 | D:12     | Received a gift from Okawaru
 11156 | D:12     | Reached skill level 5 in Dodging
 11572 | D:11     | Noticed Psyche
 11577 | D:11     | Killed Psyche
 11604 | D:11     | Reached skill level 15 in Long Blades
 11869 | D:11     | Reached XP level 13. HP: 92/116 MP: 13/13
 11879 | Lair:1   | Entered Level 1 of the Lair of Beasts
 12120 | Lair:1   | Noticed Bukhlaj's ghost (journeyman HOFi)
 12355 | Lair:1   | Noticed Sonja
 12366 | Lair:1   | Killed Sonja
 12366 | Lair:1   | Received a gift from Okawaru
 12543 | Lair:1   | Found a runed translucent door.
 12839 | Lair:1   | Killed Bukhlaj's ghost
 12968 | Lair:2   | Noticed Gastronok
 12987 | Lair:2   | Killed Gastronok
 14817 | Lair:3   | Found a staircase to the Snake Pit.
 14993 | Lair:4   | Found a staircase to the Swamp.
 15159 | Lair:4   | Received a gift from Okawaru
 15229 | Lair:4   | Identified the +9 war axe of Precise Incision {antimagic,
                  | rC+} (You found it on level 4 of the Lair of Beasts)
 15646 | Lair:4   | Identified a scroll of acquirement
 16691 | D:9      | Noticed a dire elephant
 16691 | D:9      | a death yak changed into a dire elephant
 16781 | Orc:1    | Entered Level 1 of the Orcish Mines
 16786 | Orc:1    | Reached XP level 14. HP: 118/127 MP: 14/14
 16887 | Orc:1    | Found Quhoekh's Magic Scroll Shop.
 16887 | Orc:1    | Noticed an orc warlord
 17038 | D:10     | Killed an orc warlord
 17038 | D:10     | Received a gift from Okawaru
 17406 | Orc:1    | Noticed Erica
 17416 | Orc:1    | Killed Erica
 17909 | Lair:5   | Found a gate leading to a gauntlet.
 17966 | Gauntlet | Entered a Gauntlet
 17966 | Gauntlet | Found a transporter.
 17975 | Gauntlet | Found a transporter.
 17977 | Gauntlet | Found a transporter.
 17979 | Gauntlet | Found a transporter.
 17981 | Gauntlet | Found a transporter.
 17982 | Gauntlet | Found a transporter.
 17993 | Gauntlet | Found a transporter.
 18026 | Gauntlet | Found a transporter.
 18026 | Gauntlet | Found a transporter.
 18029 | Gauntlet | Found a transporter.
 18063 | Gauntlet | Found a transporter.
 18096 | Gauntlet | Found a transporter.
 18117 | Gauntlet | Noticed a reaper
 18238 | Gauntlet | Got a shimmering lead ring
 18658 | Gauntlet | Identified the cursed ring "Osojyadi" {rN+ MR+ EV-4 Stlth+}
                  | (You found it in a Gauntlet)
 18748 | Gauntlet | Identified First Steps in Witchery
 18767 | Gauntlet | Identified the +10 great mace of Giedisip {flame, rC+}
 19155 | Lair:5   | Found a viscous altar of Jiyva.
 19156 | Lair:5   | Found a staircase to the Slime Pits.
 19328 | Lair:5   | Reached skill level 15 in Shields
 20256 | Orc:2    | Entered Level 2 of the Orcish Mines
 20963 | Orc:2    | Noticed Rupert
 20973 | Orc:2    | Cast into level 3 of the Abyss (Rupert)
 21096 | Abyss:3  | Noticed a starcursed mass
 21105 | Orc:2    | Escaped the Abyss
 21120 | Orc:2    | Killed Rupert
 21375 | Orc:2    | Received a gift from Okawaru
 21987 | Orc:2    | Found a staircase to the Elven Halls.
 22560 | Orc:2    | Found Fyer's Gadget Shop.
 22560 | Orc:2    | Found Xicuov's Book Shoppe.
 22594 | Orc:2    | Found a roughly hewn altar of Beogh.
 22602 | Orc:2    | Found Sebleog's Magic Scroll Shop.
 22602 | Orc:2    | Found Cighoaps's Distillery.
 22675 | Orc:2    | Bought a scroll of acquirement for 728 gold pieces
 22675 | Orc:2    | Bought a scroll of immolation for 49 gold pieces
 22675 | Orc:2    | Bought a scroll of identify for 28 gold pieces
 22675 | Orc:2    | Bought a scroll of identify for 28 gold pieces
 22675 | Orc:2    | Bought a scroll of identify for 28 gold pieces
 22675 | Orc:2    | Bought a scroll of identify for 28 gold pieces
 22675 | Orc:2    | Acquired 1620 gold pieces
 22688 | Orc:2    | Bought a potion of berserk rage for 75 gold pieces
 22688 | Orc:2    | Bought a potion of heal wounds for 75 gold pieces
 22899 | Orc:1    | Bought a scroll of acquirement for 780 gold pieces
 22899 | Orc:1    | Bought a scroll of identify for 30 gold pieces
 22899 | Orc:1    | Bought a scroll of identify for 30 gold pieces
 23096 | Lair:6   | Entered Level 6 of the Lair of Beasts
 23096 | Lair:6   | Found a transporter.
 23115 | Lair:6   | Found a one-way gate to the infinite horrors of the Abyss.
 23115 | Lair:6   | Noticed Curus's ghost (journeyman DsBe)
 23126 | Lair:6   | Found a transporter.
 23703 | Lair:6   | Received a gift from Okawaru
 23707 | Lair:6   | Got a bloodstained double sword {god gift}
 23708 | Lair:6   | Identified the +2 double sword of Tyegg {vorpal, rC+}
                  | (Okawaru gifted it to you on level 6 of the Lair of Beasts)
 23883 | Lair:6   | Reached XP level 15. HP: 117/138 MP: 16/16
 25030 | Lair:6   | Got a heavily runed granite ring
 25039 | Lair:6   | Identified the cursed ring of Suicidal Tendencies {+Inv
                  | rElec rC+ Int-4 Dex+4} (You found it on level 6 of the Lair
                  | of Beasts)
 25343 | Lair:6   | Killed Curus's ghost
 25978 | D:14     | Received a gift from Okawaru
 25990 | D:14     | You fall into a shaft and drop 1 floor!
 25990 | D:15     | Entered Level 15 of the Dungeon
 25990 | D:15     | Noticed Josephine
 26470 | D:14     | Found a gate to the Vaults.
 26559 | D:14     | Found a runed translucent door.
 26561 | D:14     | Noticed Jiolyugh's ghost (journeyman GrEE)
 28107 | D:15     | Killed Josephine
 28645 | D:15     | Found a staircase to the Depths.
 28645 | D:15     | Noticed a frost giant
 28655 | D:15     | Killed a frost giant
 28706 | D:15     | Received a gift from Okawaru
 29263 | D:14     | Killed Jiolyugh's ghost
 29288 | D:14     | Acquired a +3 vampiric double sword
 29765 | Elf:1    | Entered Level 1 of the Elven Halls
 30683 | Elf:1    | Received a gift from Okawaru
 30683 | Elf:1    | Reached skill level 15 in Fighting
 30683 | Elf:1    | Reached XP level 16. HP: 149/149 MP: 17/17
 31141 | Elf:1    | Found Husor's Magic Scroll Boutique.
 31149 | Elf:1    | Bought a scroll of teleportation for 45 gold pieces
 31149 | Elf:1    | Bought a scroll of magic mapping for 52 gold pieces
 32005 | Elf:3    | Entered Level 3 of the Elven Halls
 32319 | Swamp:1  | Entered Level 1 of the Swamp
 32426 | Swamp:1  | Reached skill level 15 in Armour
 32433 | Swamp:1  | Noticed a thorn hunter
 32445 | Swamp:1  | Killed a thorn hunter
 33004 | Swamp:1  | Found a runed translucent gate.
 33005 | Swamp:1  | Found a runed translucent gate.
 33006 | Swamp:1  | Found a runed translucent gate.
 33008 | Swamp:1  | Noticed Deqots's ghost (adept FoGl)
 33345 | Swamp:2  | Received a gift from Okawaru
 33410 | Swamp:2  | Noticed a thorn hunter
 33426 | Swamp:2  | Killed a thorn hunter
 34672 | Swamp:2  | Noticed Louise
 34682 | Swamp:2  | Cast into level 3 of the Abyss (Louise)
 34682 | Abyss:3  | Found a corrupted altar of Lugonu.
 34770 | Abyss:3  | Noticed a lich
 34777 | Abyss:3  | Killed a lich
 34838 | Abyss:3  | Gained mutation: You are weak. (Str -2) [a neqoxec]
 34848 | Abyss:3  | Found a corrupted altar of Lugonu.
 34870 | Abyss:3  | Received a gift from Okawaru
 34903 | Abyss:3  | Paralysed by you for 6 turns
 34908 | Abyss:3  | Gained mutation: Your magical capacity is low. (-10% MP) [a
                  | neqoxec]
 34969 | Abyss:3  | Found a corrupted altar of Lugonu.
 34970 | Abyss:3  | Found a corrupted altar of Lugonu.
 35039 | Abyss:3  | Received a gift from Okawaru
 35238 | Abyss:3  | Noticed a lich
 35252 | Abyss:3  | Noticed a tentacled starspawn
 35253 | Abyss:3  | Noticed a tentacled starspawn
 35300 | Abyss:3  | Gained mutation: Your body sometimes deteriorates upon
                  | taking damage. [a neqoxec]
 35367 | Abyss:3  | Gained mutation: You expend magic power (3 MP) to
                  | strengthen your wands. [a neqoxec]
 35498 | Abyss:3  | Lost intelligence.
 35540 | Abyss:3  | Reached XP level 17. HP: 36/158 MP: 16/16
 35607 | Abyss:3  | Slain by a large abomination

Illustrated notes

Levels and vault maps discovered:
D:1:      psy_arrival_radial01, layout_basic
D:2:      minmay_alternating_diamond, layout_loops_ring, marbit_many_paths,
          grunt_gozag_breadcrumbs
D:3:      layout_basic, gammafunk_temple_overflow_elements
D:4:      layout_loops_ring, led_sif_book, kennysheep_mini, first_ration,
          hangedman_abyss_or_decor_lesser_grid, hex_large
D:5:      layout_loops_ring, minitemple, old_standard_altar, uniq_prince_ribbit1
D:6:      layout_gridville, minmay_temple_entry_trees, uniq_sigmund, uniq_edmund
D:7:      layout_basic, cheibriados_altar_1, serial_curves, eino_curves_01,
          eino_curves_02, eino_curves_01, lemuel_mausoleum_altar_yredelemnul
D:8:      layout_basic, basic_altar, grunt_livestock, nicolae_blasting_shop,
          uniq_joseph, uniq_pikel
D:9:      layout_roguey, xom_shifter_show, kennysheep_mini_moat,
          makhleb_altar_promises_db, serial_shops, shop,
          nicolae_shop_waterfront, shop_coins, nicolae_shop_behind_doors
D:10:     minmay_the_grid_plus [minmay_the_grid_gridbox,
          minmay_the_grid_minigrid_small_alt, minmay_the_grid_odd_star,
          minmay_the_grid_outer_diamond, minmay_the_grid_prize_inner_circle],
          layout_loops_cross, david_orc_5, kennysheep_small_circle,
          uniq_erolcha, uniq_snorg, uniq_urug
D:11:     layout_basic, erik_lair_orcish_takeover, wad_dig_loot, uniq_psyche
D:12:     layout_cave_pods, uniq_frances
D:13:     layout_roguey, minmay_door_square, minmay_misc_feat_four_crosses
D:14:     layout_long_grid, erik_vaults_1, ebering_ghost_inner_flame
D:15:     grunt_enter_depths_snipers, layout_rooms,
          hangedman_abyss_or_decor_stagger, minmay_mirror_moons_of_madness,
          uniq_josephine
Lair:1:   layout_chaotic_city, hellmonk_ghost_happy_afterlife,
          chequers_serial_rivers_large_a, uniq_sonja
Lair:2:   layout_regular_city, grunt_megastairs_1, uniq_gastronok
Lair:3:   layout_cave_pods, dummy_snake_entry, grunt_megastairs_2
Lair:4:   layout_regular_city, swamp_mist_pool, st_stairs_12, grunt_megastairs_5
Lair:5:   layout_small_grid, slime_altar_1, gauntlet_entry_generic,
          roderic_batcave, beast_lair_carwin_4
Lair:6:   minmay_lair_end_frog_pond, layout_cellular_growth,
          gammafunk_ghost_abyssal_escape
Swamp:1:  layout_falls_marsh, ebering_ghost_rock_garden, serial_swamp_ruin,
          evilmike_swamp_ruin_rubble_1, evilmike_swamp_ruin_wall
Swamp:2:  layout_basic_swamp, evilmike_swamp_ruin_house_6, swamp_pool2,
          uniq_louise
Orc:1:    layout_caves, serial_shops, shop, uniq_erica
Orc:2:    st_orc_town, layout_diamond_mine, uniq_rupert
Elf:1:    layout_gridlike, serial_shops,
          nicolae_shop_temple_entry_statues_fountains,
          hangedman_elven_crosses_minicolossus
Elf:2:    layout_onion_city
Elf:3:    grunt_elf_hall_diamonds, layout_geoelf_octagon, amethyst_killhole
Abyss:3:  base: Orc:2, minivault_27, bh_abyss_xom_lugonu_altar,
          evilmike_abyss_exit_12, hangedman_abyss_sting,
          evilmike_abyss_rune_elephants_shrine, base: Depths:5, base: Elf:3,
          nicolae_abyss_rune_star_stuff, nicolae_abyss_rune_left_handed,
          doesnt_abyss_rune_brain_food, evilmike_abyss_exit_vortex,
          evilmike_abyss_rune_ettins

Skill      XL: |  1  2  3  4  5  6  7  8  9 10 11 12 13 14 15 16 17 |
---------------+----------------------------------------------------+-----
Shields        | 4 5 7 8 10 12 13 14 15 17 18 | 18.7
Armour         | 4 5 6 7 8 9 10 11 12 13 14 15 | 15.6
Long Blades    | 3 4 5 6 7 9 10 12 14 15 16 17 18 | 18.0
Dodging        | 1 2 3 4 5 6 7 8 |  8.0
Fighting       | 4 5 6 8 9 11 12 14 15 16 | 16.3
Stealth        | 1 2 3 |  3.3
Invocations    | 1 2 |  2.9
Maces & Flails | 2 4 |  4.3
Evocations     | |  0.9

Action                   |  1- 3 |  4- 6 |  7- 9 | 10-12 | 13-15 | 16-18 || total
-------------------------+-------+-------+-------+-------+-------+-------++-------
Melee: Long sword        |    74 |   185 |   344 |   168 |       |       ||   771
       Headbutt          |    14 |    28 |   101 |   184 |   351 |   164 ||   842
       Scimitar          |       |       |    97 |   239 |    15 |     9 ||   360
       Demon blade       |       |       |       |   360 |  1285 |       ||  1645
       Flail             |       |       |       |     4 |    12 |       ||    16
       Double sword      |       |       |       |       |    61 |   621 ||   682
Invok: Heroism           |       |       |     3 |     8 |    13 |     4 ||    28
       Finesse           |       |       |       |       |     4 |       ||     4
Evoke: Wand              |       |       |     1 |       |    10 |       ||    11
  Use: Potion            |     2 |       |     3 |     1 |     5 |    10 ||    21
       Scroll            |       |     4 |     2 |    11 |    21 |     6 ||    44
 Stab: Paralysed         |       |       |     3 |       |       |       ||     3
       Confused          |       |       |       |       |       |     1 ||     1
  Eat: Chunk             |     1 |     8 |    10 |    18 |    46 |    11 ||    94
       Ration            |       |       |       |       |     4 |     2 ||     6
Armor: Scale mail        |    36 |    64 |    42 |       |       |       ||   142
       Plate armour      |       |       |   148 |    34 |    39 |    55 ||   276
       Chain mail        |       |       |       |   245 |   544 |   240 ||  1029
       Skin              |       |       |       |       |       |     5 ||     5
Dodge: Dodged            |    32 |    66 |    97 |   212 |   318 |   211 ||   936
Block: Kite shield       |    41 |    89 |   246 |   409 |   845 |   427 ||  2057
       Rpst.: Long sword |    11 |    16 |    20 |    18 |       |       ||    65
       Scimitar          |       |       |     5 |    14 |     2 |       ||    21
       Demon blade       |       |       |       |    22 |    72 |       ||    94
       Double sword      |       |       |       |       |     1 |    46 ||    47
